Map: Dusk Towers

Players

Fiveandahalf

  • Race: Terran Terran
  • League: Diamond

LilDicky - Winner!

  • Race: Terran Terran
  • League: Diamond

VOD

http://www.twitch.tv/tumescentpie

Description

Time

  • Played on: Dec. 24, 2015, 8:08 p.m.
  • Length: 11:04
Show
View Real Time Build Order
Export as new Build Order

Fiveandahalf Terran 

Build Orders: Hellion Opening 

Get SALT Encoding   

  12  0:01  SCV  
  13  0:12  Refinery  
  13  0:16  SCV  
  14  0:26  Supply Depot  
  14  0:29  SCV  
  15  0:48  SCV  
  15  0:49  Barracks  
  16  1:00  SCV  
  17  1:12  SCV  
  18  1:24  SCV  
  19  1:37  Factory  
  19  1:38  Barracks Reactor, Orbital Command  
  19  1:41  Supply Depot  
  19  2:05  SCV  
  20  2:17  SCV  
  21  2:27  Command Center, Hellion  
  21  2:28  Hellion  
  21  2:29  SCV  
  26  2:34  Supply Depot  
  26  2:42  SCV  
  27  2:49  Hellion x2  
  30  3:04  SCV  
  31  3:10  Hellion x2  
  31  3:12  Starport  
  35  3:16  SCV  
  36  3:22  Supply Depot  
  36  3:29  SCV  
  36  3:32  Hellion  
  39  3:43  SCV  
  39  3:44  Hellion  
  42  3:49  Barracks Reactor, Viking  
  44  3:55  SCV  
  44  3:58  Refinery  
  44  3:59  Orbital Command  
  45  4:06  Hellion x2  
  45  4:07  SCV  
  50  4:20  Starport Tech Lab  
  50  4:31  Hellion x2  
  54  4:37  SCV  
  54  4:38  SCV  
  56  4:41  Refinery  
  56  4:42  Raven  
  58  4:49  SCV  
  58  4:50  SCV  
  58  4:51  Supply Depot  
  56  5:06  SCV x2  
  54  5:19  Hellion x2  
  58  5:21  SCV  
  59  5:33  SCV x2  
  59  5:35  Factory  
  61  5:40  Viking x2  
  65  5:45  SCV x2  
  61  5:57  SCV  
  57  6:09  Hellion x2  
  38  6:25  Siege Tank  
  38  6:26  SCV  
  38  6:27  Viking  
  38  6:30  Hellion x2  
  38  6:31  SCV  
  46  6:39  SCV  
  47  6:43  SCV  
  48  6:51  SCV  
  48  6:53  Hellion x2  
  53  6:55  SCV  
  54  7:03  SCV  
  45  7:34  Hellion, Siege Tank  
  45  7:35  Viking x2  
  54  7:37  SCV  
  54  7:42  SCV  
  51  7:55  SCV  
  50  8:05  Hellion x2  
  50  8:06  Siege Tank  
  41  8:28  Hellion x2  
  41  8:32  Viking x2  
  41  8:33  SCV  
  48  8:34  SCV  
  48  8:38  Siege Tank  
  50  8:54  Hellion x2  
  50  8:55  SCV x2  
  56  9:02  Viking x2  
  58  9:07  SCV  
  57  9:10  Siege Tank  
  57  9:11  Marine  
  56  9:34  Viking x2  
  56  9:35  SCV, Hellion x2  
  56  9:36  SCV, Marine  
  67  9:43  Siege Tank  
  70  10:05  Supply Depot  
  70  10:07  Supply Depot  
  66  10:27  SCV x2, Viking x2  
Show
View Real Time Build Order
Export as new Build Order

LilDicky Terran - Winner!

Build Orders: Banshee Rush 

Get SALT Encoding   

  12  0:01  SCV  
  13  0:14  SCV  
  14  0:18  Supply Depot  
  14  0:27  SCV  
  15  0:32  Refinery  
  15  0:40  SCV  
  16  0:47  Barracks  
  16  0:52  SCV  
  17  1:06  SCV  
  18  1:18  SCV  
  20  1:37  Supply Depot, Reaper  
  20  1:39  Orbital Command  
  20  1:56  Command Center  
  20  2:03  Factory  
  20  2:08  Refinery  
  20  2:11  SCV  
  21  2:15  Marine  
  22  2:24  SCV  
  23  2:33  Marine  
  23  2:36  SCV  
  25  2:46  Factory Tech Lab  
  25  2:47  Starport  
  25  2:48  SCV  
  26  2:51  Supply Depot  
  26  3:00  SCV, Marine  
  27  3:12  SCV  
  29  3:15  Orbital Command  
  29  3:17  Widow Mine  
  29  3:18  Marine  
  31  3:29  Banshee, Refinery  
  31  3:32  Cloaking Field  
  34  3:35  SCV  
  35  3:45  Marine  
  36  3:54  SCV x2  
  40  4:05  Factory Tech Lab  
  40  4:06  SCV x2  
  40  4:13  Supply Depot  
  40  4:14  Engineering Bay  
  40  4:15  Banshee  
  43  4:27  Siege Tank  
  43  4:29  SCV, Marine  
  43  4:30  SCV  
  49  4:39  Supply Depot  
  49  4:41  SCV  
  49  4:42  SCV, Starport  
  49  4:45  Supply Depot  
  51  4:48  Missile Turret  
  51  4:51  Missile Turret  
  51  4:54  Marine  
  52  5:13  Siege Tank  
  55  5:15  Marine  
  53  5:23  Banshee  
  53  5:24  Starport Reactor  
  53  5:27  SCV x2  
  58  5:31  Refinery, Missile Turret  
  58  5:33  Marine  
  58  5:34  Missile Turret  
  59  5:37  Supply Depot  
  59  5:45  Siege Tank  
  59  5:48  SCV x2  
  64  5:53  Supply Depot  
  64  6:00  SCV  
  64  6:02  Viking  
  61  6:18  Siege Tank  
  61  6:35  SCV x2  
  63  6:42  Viking x2  
  63  6:44  Marine  
  63  6:45  Command Center  
  68  6:47  SCV  
  68  6:50  SCV, Factory, Siege Tank  
  73  6:58  Missile Turret  
  73  6:59  SCV  
  74  7:02  SCV  
  74  7:03  Missile Turret  
  74  7:08  Supply Depot  
  75  7:11  SCV  
  75  7:14  SCV  
  62  7:23  SCV  
  62  7:26  SCV  
  62  7:49  Missile Turret  
  62  7:50  SCV x2  
  67  7:51  Siege Tank  
  67  7:52  Factory Tech Lab  
  67  7:53  Viking  
  67  7:54  Viking x2  
  73  8:11  Marine  
  73  8:12  Siege Tank  
  77  8:18  Missile Turret  
  72  8:20  SCV x2  
  72  8:23  Viking, Siege Tank  
  72  8:24  Viking  
  76  8:27  Refinery x2  
  76  8:32  SCV x2  
  78  8:40  Marine  
  79  8:44  SCV, Siege Tank  
  80  8:55  Viking x2, Siege Tank  
  82  8:56  Viking  
  88  9:14  Supply Depot, Planetary Fortress  
  88  9:15  Supply Depot x2  
  88  9:16  Supply Depot, Siege Tank  
  88  9:25  Banshee  
  90  9:37  Siege Tank  
  93  9:50  Siege Tank  
  93  9:52  Viking x2  
  100  10:02  SCV  
  100  10:03  SCV  
  102  10:08  Command Center, SCV  
  102  10:12  Missile Turret  
  99  10:15  SCV  
Tags
 
Add a new tag
Caveats
  • Supply blocks, unpowered buildings, or Contaminate may cause inaccurate times.
  • Supply counts are checked every 10 seconds.